 Dungeon Crawl Stone Soup version 0.17-a0-1738-g82cdc46 (webtiles) character file.

23 kae the Caller (level 3, 0/20 HPs)
             Began as a Tengu Summoner on Aug 30, 2015.
             Slain by an adder (2 damage)
             ... on level 2 of the Dungeon.
             The game lasted 00:01:54 (1477 turns).

kae the Caller (Tengu Summoner)                     Turns: 1477, Time: 00:01:54

Health: 0/20       AC:  2    Str:  8    XL:     3   Next: 0%
Magic:  5/7        EV: 12    Int: 16    God:
Gold:   72         SH:  0    Dex: 14    Spells: 1 memorised, 5 levels left

rFire  . . .     SeeInvis .     d - +0 dagger
rCold  . . .     Clarity  .     a - +0 robe
rNeg   . . .     SustAt   .     (no shield)
rPois  .         Gourm    .     (helmet restricted)
rElec  .         Spirit   .     (no cloak)
rCorr  .         Warding  .     (no gloves)
rMut   .         Stasis   .     (boots unavailable)
MR     .....                    (no amulet)
Stlth  ++........               (no ring)
                                (no ring)

@: lethally poisoned (0 -> -11), not resistant to hostile enchantments,
unstealthy
A: beak, talons 3
a: no special abilities


You were on level 2 of the Dungeon.
You were very hungry.

You visited 1 branch of the dungeon, and saw 2 of its levels.

You collected 72 gold pieces.

Inventory:

Hand weapons
 d - a +0 dagger (weapon)
Armour
 a - a +0 robe (worn)
Jewellery
 i - a -2 ring of protection
Scrolls
 e - 2 scrolls of identify
 f - a scroll of fog
 h - a scroll of teleportation {unknown}
Books
 b - a book of Callings

   Spells                             Type                      Level
   a - Summon Small Mammal            Summoning                    1
   b - Call Imp                       Summoning                    2
   c - Call Canine Familiar           Summoning                    3
   d - Summon Guardian Golem          Hexes/Summoning              3
   e - Summon Lightning Spire         Summoning/Air                4
   f - Summon Ice Beast               Ice/Summoning                4
Comestibles
 c - 2 bread rations
 g - 2 meat rations
 j - a beef jerky
 k - a chunk of flesh


   Skills:
 + Level 1.0 Fighting
 - Level 2.1 Dodging
 - Level 2.0 Stealth
 - Level 2.0 Spellcasting
 * Level 5.6 Summonings


You had 5 spell levels left.
You knew the following spells:

 Your Spells              Type           Power        Failure   Level  Hunger
a - Summon Small Mammal   Summ           ###.         1%          1    #......


Dungeon Overview and Level Annotations

Branches:
Dungeon (2/15)

Altars:


Innate Abilities, Weirdness & Mutations

You have a beak for a mouth.
You have claws for feet.


Message History

You are more poisoned.
The adder poisons you!
Unknown command.
You aren't carrying any potions.
k - a chunk of flesh
* * * LOW HITPOINT WARNING * * *
You feel sick.
Your bat barely misses the adder.
Your quokka barely misses the adder.
The adder closely misses you.
You aren't carrying any potions.
You miss the adder. You claw the adder.
The adder is heavily wounded.
* * * LOW HITPOINT WARNING * * *
You feel sick. The adder closely misses you.
Your quokka bites the adder but does no damage.
Unknown command.
You barely miss the adder.
The adder is heavily wounded.
* * * LOW HITPOINT WARNING * * *
You feel sick. The adder bites you.
You die...

... #.# #.# #.# #.# #.#
##. #.## ####.####....
#... #...b@S...... ##.>#
#.##.r.##.... .#..#
#.#.....# . ....#
#.####......>.... .##.#
#.%...............
.##.########........##..
...........#.#.....## .
.######.##.#.##...## #.
.# #.#....####.# #.# #.#


You could see an adder, a friendly quokka and a friendly bat.

Vanquished Creatures
  2 bats
  A goblin (D:1)
  2 hobgoblins
  A quokka (D:2)
  3 giant newts
  2 kobolds (D:1)
  A rat (D:2)
12 creatures vanquished.

Vanquished Creatures (collateral kills)
  2 giant cockroaches (D:1)
  A hobgoblin (D:1)
  2 jackals (D:1)
  4 kobolds (D:1)
  A goblin (D:1)
  4 rats (D:1)
14 creatures vanquished.

Grand Total: 26 creatures vanquished

Notes
Turn   | Place    | Note
--------------------------------------------------------------
     0 | D:1      | kae the Tengu Summoner began the quest for the Orb.
     0 | D:1      | Reached XP level 1. HP: 10/10 MP: 4/4
    82 | D:1      | Reached skill level 5 in Summonings
   504 | D:1      | Reached XP level 2. HP: 12/15 MP: 4/6
  1464 | D:2      | Reached skill level 1 in Fighting
  1464 | D:2      | Reached XP level 3. HP: 15/20 MP: 7/7
  1477 | D:2      | Slain by an adder

Vault maps used:
D:1:      minmay_arrival_arboretum_large
D:2:      nicolae_ru_great_annihilating_truth

Action                   || total
-------------------------++-------
Melee: Dagger            ||    72
       Unarmed           ||     1
 Cast: Summon Small Mamm ||    23
  Use: Scroll            ||     2
  Eat: Chunk             ||     1
